 Dungeon Crawl Stone Soup version 0.22.0-13-g43fe8f24b8 (webtiles) character file.

26 RedPan the Chiller (level 2, -1/11 HPs)
             Began as a Felid Ice Elementalist on Aug 16, 2018.
             Slain by a dart slug (2 damage)
             ... on level 1 of the Dungeon.
             The game lasted 00:02:00 (445 turns).

RedPan the Chiller (Felid Ice Elementalist)          Turns: 445, Time: 00:02:01

Health: -1/11      AC:  1    Str:  4    XL:     2   Next: 89%
Magic:  0/6        EV: 18    Int: 16    God:
Gold:   12         SH:  0    Dex: 16    Spells: 3/6 levels left
                                        Lives:  0   Deaths: 0

rFire    . . .     SeeInvis +   (weapon unavailable)
rCold    . . .     Gourm    .   (shield unavailable)
rNeg     . . .     Faith    .   (armour unavailable)
rPois    .         Spirit   .   (helmet unavailable)
rElec    .         Reflect  .   (cloak unavailable)
rCorr    .         Harm     .   (gloves unavailable)
MR       .....                  (boots unavailable)
Stlth    +++.......             (no amulet)
HPRegen  0.03/turn              (no ring)
MPRegen  0.10/turn              (no ring)

@: very slightly contaminated, quick
A: very small, no armour, no weapons or thrown items, stealth, claws 1, fangs 3,
see invisible, carnivore, speed 1, shaggy fur 1, slow metabolism 1, sharp paws
a: no special abilities


You were on level 1 of the Dungeon.
You were completely stuffed.

You visited 1 branch of the dungeon, and saw 1 of its levels.

You collected 12 gold pieces.

Inventory:

Scrolls
 a - a scroll of fog {unknown}
 e - a scroll of magic mapping {unknown}
 f - a scroll of identify {unknown}
Potions
 c - a potion of flight {unknown}
Comestibles
 b - a ration
 d - a chunk of flesh


   Skills:
 - Level 2.6 Dodging
 - Level 2.6 Stealth
 + Level 2.6 Spellcasting
 + Level 1.1 Conjurations
 + Level 3.2 Ice Magic


You had 3 spell levels left.
You knew the following spells:

 Your Spells              Type           Power        Failure   Level  Hunger
a - Freeze                Ice            ##..         5%          1    #......
b - Throw Frost           Conj/Ice       #.....       12%         2    ##.....

Your spell library contained the following spells:

 Spells                   Type           Power        Failure   Level  Hunger
 Summon Ice Beast         Ice/Summ       #.......     69%         4    #####..
 Ozocubu's Armour         Chrm/Ice       #.......     30%         3    ###....
 Throw Icicle             Conj/Ice       #.......     63%         4    #####..


Dungeon Overview and Level Annotations

Branches:
Dungeon (1/15)

Altars:


Innate Abilities, Weirdness & Mutations

You cannot wear armour.
You are incapable of wielding weapons or throwing items.
Your paws allow you to move quietly. (Stealth)
You have sharp claws.
You have razor-sharp teeth.
You have supernaturally acute eyesight. (SInv)
You are carnivorous and can eat meat at any time.
You cover ground quickly.
You are covered in fur. (AC +1)
You have a slow metabolism.
Your sharp claws are effective at attacking unaware monsters.


Message History

Aiming: Freeze (safe; 5% risk of failure)
Press: ? - help, Shift-Dir - straight line, f - dart slug
Aim: a dart slug (clinging)
You freeze the dart slug.
The dart slug is moderately wounded.
The dart slug closely misses you.
Casting: Freeze (safe; 5% risk of failure)
Confirm with . or Enter, or press ? or * to list all spells.
Aiming: Freeze (safe; 5% risk of failure)
Press: ? - help, Shift-Dir - straight line, f/p - dart slug
Aim: a dart slug (moderately wounded, clinging)
You freeze the dart slug.
The dart slug is heavily wounded.
Casting: Freeze (safe; 5% risk of failure)
Confirm with . or Enter, or press ? or * to list all spells.
You don't have enough magic to cast that spell.
You barely miss the dart slug.
The dart slug is heavily wounded.
The dart slug bites you.
You die...

....#......≈.....≈........s......
....#......#.....#............?.r
...........##≈≈≈#'.......#....###
.###..######....)..............#
.# ##.######.#.##..............#
.# #..........##..............#
.# ###........##..............#
.# #.......###........#.....## ##
#.......#.@w..######.......
#######...##### #.....#. #.###
#.....## #.# ##.#### #.#
........# #########


You could see a dart slug.

Vanquished Creatures
  2 dart slugs (D:1)
  A leopard gecko (D:1)
  2 bats (D:1)
  2 giant cockroaches (D:1)
  5 goblins (D:1)
  A hobgoblin (D:1)
  4 kobolds (D:1)
  2 ball pythons (D:1)
  2 rats (D:1)
21 creatures vanquished.

Notes
Turn   | Place    | Note
-------+----------+-------------------------------------------
     0 | D:1      | RedPan the Felid Ice Elementalist began the quest for the Orb.
     0 | D:1      | Reached XP level 1. HP: 7/7 MP: 4/4
   117 | D:1      | Reached skill level 3 in Ice Magic
   123 | D:1      | Reached XP level 2. HP: 10/11 MP: 0/6
   177 | D:1      | Learned a level 2 spell: Throw Frost
   385 | D:1      | Reached skill level 1 in Conjurations
   445 | D:1      | Slain by a dart slug

Skill      XL: |  1  2 |
---------------+-------+-----
Ice Magic      | 3 |  3.2
Conjurations   | 1 |  1.1
Dodging        | |  2.6
Stealth        | |  2.6
Spellcasting   | |  2.6

Action                   || total
-------------------------++-------
Melee: Unarmed           ||    17
       Bite              ||     3
 Cast: Freeze            ||    32
  Eat: Chunk             ||     7
Armor: Skin              ||     3
Dodge: Dodged            ||    45
